Map: Lerilak Crest

Players

Marcotte

  • Race: Terran Terran
  • League: Gold

LilDicky - Winner!

  • Race: Terran Terran
  • League: Diamond

VOD

http://www.twitch.tv/tumescentpie

Description

Time

  • Played on: Nov. 26, 2015, 4:53 p.m.
  • Length: 5:19
Show
View Real Time Build Order
Export as new Build Order

Marcotte Terran 

Build Orders: Reaper Expand 

Get SALT Encoding   

  12  0:01  SCV  
  13  0:13  SCV  
  14  0:20  Refinery  
  14  0:23  Supply Depot  
  14  0:25  SCV  
  15  0:45  SCV  
  16  0:50  Barracks  
  16  0:57  SCV  
  16  1:01  Refinery  
  17  1:09  SCV  
  18  1:11  Barracks  
  19  1:37  Orbital Command  
  18  1:44  Reaper  
  19  1:58  Command Center  
  19  2:02  Reaper  
  19  2:05  SCV  
  21  2:09  Supply Depot  
  21  2:21  Reaper  
  22  2:24  SCV  
  23  2:33  Refinery  
  23  2:36  SCV  
  24  2:45  Reaper  
  24  2:48  SCV  
  26  2:58  Reaper  
  27  3:00  SCV  
  27  3:23  Reaper  
  28  3:30  Reaper  
  29  3:47  SCV  
  28  3:58  Factory  
  28  3:59  Factory, Barracks  
  28  4:01  Barracks, Marine  
  28  4:02  Marine  
  30  4:04  Engineering Bay  
  28  4:19  Marine x2  
  28  4:20  Bunker  
  30  4:29  Missile Turret  
  30  4:36  Missile Turret  
  30  4:37  Marine  
Show
View Real Time Build Order
Export as new Build Order

LilDicky Terran - Winner!

Build Orders: 1/1/1, Banshee Rush 

Get SALT Encoding   

  12  0:01  SCV  
  13  0:13  SCV  
  14  0:20  Supply Depot  
  14  0:26  SCV  
  15  0:30  Refinery  
  15  0:41  SCV  
  16  0:45  Barracks  
  16  0:54  SCV  
  17  1:06  SCV  
  18  1:18  SCV  
  19  1:30  SCV  
  20  1:33  Marine  
  20  1:37  Factory  
  21  1:42  Orbital Command  
  21  1:45  Supply Depot  
  21  1:52  Marine  
  22  2:10  Marine  
  22  2:13  SCV  
  22  2:14  Refinery  
  24  2:22  Factory Tech Lab  
  24  2:23  Starport  
  24  2:26  SCV  
  24  2:28  Marine  
  26  2:36  Supply Depot  
  26  2:38  SCV  
  27  2:49  Marine  
  28  3:05  Supply Depot  
  28  3:13  Widow Mine  
  28  3:14  Banshee, Cloaking Field  
  31  3:25  Marine  
  32  3:30  SCV  
  33  3:36  Supply Depot  
  33  3:42  Marine  
  33  3:43  Hellion  
  33  3:44  Supply Depot  
  33  4:00  Marine  
  34  4:10  Banshee  
  34  4:11  Command Center  
  34  4:15  Factory Tech Lab  
  37  4:18  Marine  
Tags
 
Add a new tag
Caveats
  • Supply blocks, unpowered buildings, or Contaminate may cause inaccurate times.
  • Supply counts are checked every 10 seconds.